 Dungeon Crawl Stone Soup version 0.19-a0-32-gbfd796a (webtiles) character file.

416 M4edhros the Insei (level 6, 0/36 HPs)
             Began as an Octopode Necromancer on May 2, 2016.
             Shot with an arrow by a centaur (3 damage)
             ... on level 5 of the Dungeon.
             The game lasted 00:09:42 (776 turns).

M4edhros the Insei (Octopode Necromancer)            Turns: 776, Time: 00:09:43

Health: 0/36       AC:  3    Str:  8    XL:     6   Next: 92%
Magic:  5/9        EV: 12    Int: 17    God:
Gold:   106        SH:  0    Dex: 14    Spells: 3 memorised, 4 levels left

rFire  . . .     SeeInvis .     d - +1 dagger (venom)
rCold  . . .     Gourm    .     (no shield)
rNeg   . . .     Faith    .     (helmet restricted)
rPois  .         Spirit   .     (no amulet)
rElec  .         Dismiss  .     (no ring)
rCorr  .         Reflect  .     (no ring)
SustAt .         Harm     .     (no ring)
MR     .....                    (no ring)
Stlth  +++.......               (no ring)
                                (no ring)
                                (no ring)
                                (no ring)

@: very slightly contaminated, hasted, very quick, not resistant to hostile
enchantments, fairly stealthy
A: almost no armour, amphibious, 8 rings, constrict 8, antennae 1, yellow scales
1, camouflage 1, gelatinous body 1
a: no special abilities


You were on level 5 of the Dungeon.
You were hungry.

You visited 1 branch of the dungeon, and saw 6 of its levels.

You collected 106 gold pieces.

Inventory:

Hand Weapons
 c - a -3 eveningstar
 d - a +1 dagger of venom (weapon)
 g - a +0 mace of draining
Jewellery
 h - an uncursed amulet of the gourmand {unknown}
Wands
 e - a wand of flame (11/48)
Books
 a - a book of Necromancy

   Spells                             Type                      Level
   a - Pain                           Necromancy                   1
   b - Animate Skeleton               Necromancy                   1
   c - Vampiric Draining              Necromancy                   3
   d - Regeneration                   Charms/Necromancy            3
   e - Animate Dead                   Necromancy                   4
   f - Control Undead                 Necromancy                   4
 i - a book of Unlife

   Spells                             Type                      Level
   a - Recall                         Summoning/Translocation      3
   b - Animate Dead                   Necromancy                   4
   c - Control Undead                 Necromancy                   4
   d - Cigotuvi's Embrace             Necromancy                   5
   e - Death Channel                  Necromancy                   6
   f - Simulacrum                     Ice/Necromancy               6
Comestibles
 b - 4 bread rations
 f - a chunk of flesh


   Skills:
 - Level 2.0 Dodging
 - Level 2.6 Stealth
 + Level 6.8 Unarmed Combat
 - Level 2.0 Spellcasting
 - Level 4.0 Necromancy


You had 4 spell levels left.
You knew the following spells:

 Your Spells              Type           Power        Failure   Level  Hunger
a - Pain                  Necr           ###.         3%          1    #......
b - Animate Skeleton      Necr           N/A          3%          1    #......
r - Regeneration          Chrm/Necr      #.........   24%         3    ###....


Dungeon Overview and Level Annotations

Branches:
Dungeon (6/15)
 Temple: D:4-7

Altars:
Vehumet


Innate Abilities, Weirdness & Mutations

You cannot wear most types of armour.
You are amphibious.
You can wear up to eight rings at the same time.
You can use your tentacles to constrict eight enemies at once.
Your skin changes colour to match your surroundings (Stealth).
Your rubbery body absorbs attacks (AC +1).
You have a pair of small antennae on your head.
You are partially covered in yellow scales (AC +2).


Message History

Press: ? - help, Shift-Dir - straight line, f/p - centaur
Aim: a centaur, wielding a shortbow The puff of flame hits the centaur.
The centaur is lightly wounded.
Evoking this partially-identified wand wasted a few charges.
The centaur shoots an arrow.
The arrow hits you.
* * * LOW HITPOINT WARNING * * *
You aren't carrying any potions.
Read which item? (? for menu, Esc to quit)
Okay, then.
Sorry, you're not good enough to have a special ability.
Unknown command.
A worker ant zombie comes into view.
The centaur shoots an arrow.
The arrow hits you.
* * * LOW HITPOINT WARNING * * *
You see here an arrow.
Your skin stops crawling.
The centaur is engulfed in a cloud of scalding steam.
The centaur shoots an arrow.
The arrow hits you.
You die...

#...#### #.#
##.## #.# #..#
#.# #..# #.#
+#######+..#
#####.#
...........#
#....<#
#..###.####
#.#####
#.####.####
.........@(####
.#...%.....l(.#
#.........##.#
#.........##.#
#...≈≈≈...##.#
#..§≈c≈....#.#
#..Z#.#[.....#
....#[#......#
# #.#.#..#


You could see a centaur, an iguana and a worker ant zombie (wandering).

Vanquished Creatures
  A phantom (D:4)
  5 scorpions (D:4)
  A hound (D:5)
  3 adders
  A giant gecko (D:5)
  An orc (D:4)
  2 giant cockroaches
  2 hobgoblins
  4 jackals (D:4)
  A kobold (D:2)
  8 bats
  A goblin (D:2)
30 creatures vanquished.

Vanquished Creatures (others)
  9 fungi (D:4)
9 creatures vanquished.

Grand Total: 39 creatures vanquished

Notes
Turn   | Place    | Note
--------------------------------------------------------------
     0 | D:1      | M4edhros the Octopode Necromancer began the quest for the Orb.
     0 | D:1      | Reached XP level 1. HP: 11/11 MP: 3/3
    97 | D:2      | Reached skill level 1 in Unarmed Combat
   131 | D:3      | Reached XP level 2. HP: 6/17 MP: 0/5
   189 | D:4      | Noticed a phantom
   194 | D:4      | Noticed a scorpion
   203 | D:4      | Noticed a scorpion
   220 | D:4      | Killed a scorpion
   220 | D:4      | Reached skill level 3 in Unarmed Combat
   220 | D:4      | Reached XP level 3. HP: 21/21 MP: 6/6
   220 | D:4      | Reached XP level 4. HP: 27/27 MP: 7/7
   226 | D:4      | Reached skill level 4 in Unarmed Combat
   235 | D:4      | Killed a phantom
   235 | D:4      | Reached skill level 5 in Unarmed Combat
   235 | D:4      | Reached XP level 5. HP: 31/31 MP: 8/8
   250 | D:4      | Gained mutation: You are partially covered in yellow scales (AC +2). [potion of beneficial mutation]
   251 | D:4      | Gained mutation: You have a pair of small antennae on your head. [potion of beneficial mutation]
   263 | D:4      | Learned a level 1 spell: Animate Skeleton
   267 | D:4      | Learned a level 3 spell: Regeneration
   391 | D:4      | Found a radiant altar of Vehumet.
   461 | D:4      | Reached XP level 6. HP: 36/36 MP: 5/9
   475 | D:4      | Reached skill level 6 in Unarmed Combat
   564 | D:5      | Entered Level 5 of the Dungeon
   776 | D:5      | Shot with an arrow by a centaur

Vault maps used:
D:1:      minmay_arrival_radiant_lines, amethyst_killhole, minmay_door_square
D:2:      lemuel_zombie_altar_yredelemnul, first_bread, st_stairs_10,
          uniq_jessica
D:3:      lemuel_crystal_altar
D:4:      old_forge, vehumet_altar_wand_db
D:5:      nicolae_gozag_cash_rules_everything_around_me,
          nicolae_ru_great_annihilating_truth, kb_lookout_dungeons_type

Skill      XL: |  1  2  3  4  5  6 |
---------------+-------------------+-----
Unarmed Combat | 1 3 5 6 |  6.8
Dodging        | |  2.0
Stealth        | |  2.6
Spellcasting   | |  2.0
Necromancy     | |  4.0

Action                   |  1- 3 |  4- 6 || total
-------------------------+-------+-------++-------
Melee: Mace              |    11 |       ||    11
       Constrict         |     2 |    18 ||    20
       Tentacles         |     1 |     6 ||     7
       Unarmed           |     8 |    14 ||    22
       Dagger            |       |    51 ||    51
       Punch             |       |     3 ||     3
 Cast: Pain              |     8 |       ||     8
       Regeneration      |       |     7 ||     7
Evoke: Wand              |       |     3 ||     3
  Use: Potion            |     3 |     4 ||     7
       Scroll            |       |     2 ||     2
 Stab: Sleeping          |       |     1 ||     1
  Eat: Chunk             |       |     1 ||     1
Armor: Skin              |    22 |    27 ||    49
Dodge: Dodged            |     6 |    58 ||    64
